 Dungeon Crawl Stone Soup version 0.28-a0-768-g8c92f1e708 (webtiles) character file.

Game seed: 5668565821691291594

5 DungeonMaster the Sneak (level 1, -1/11 HPs)
             Began as a Spriggan Delver on Oct 31, 2021.
             Slain by Grinder (3 damage)
             ... on level 5 of the Dungeon.
             The game lasted 00:01:16 (219 turns).

DungeonMaster the Sneak (Spriggan Delver)            Turns: 219, Time: 00:01:17

Health: -1/11      AC:  2    Str:  8    XL:     1   Next: 66%
Magic:  2/2        EV: 17    Int: 11    God:
Gold:   43         SH:  0    Dex: 16    Spells: 0/0 levels left

rFire   . . .      SeeInvis +   a - +0 short sword
rCold   . . .      Faith    .   (shield restricted)
rNeg    . . .      Spirit   .   b - +0 robe
rPois   .          Reflect  .   (helmet restricted)
rElec   .          Harm     .   (no cloak)
rCorr   .          Rampage  .   (gloves unavailable)
Will    .....                   (boots unavailable)
Stlth   ++++......              (no amulet)
HPRegen 0.03/turn               (no ring)
MPRegen 0.08/turn               (no ring)

@: very quick
A: very small, no large weapons, unfitting armour, see invisible, speed 3
a: no special abilities


You were on level 5 of the Dungeon.
You visited 1 branch of the dungeon, and saw 3 of its levels.

You collected 43 gold pieces.

Inventory:

Hand Weapons
 a - a +0 short sword (weapon)
 k - a +0 hunting sling
Missiles
 i - 11 bolts
Armour
 b - a +0 robe (worn)
Wands
 g - a wand of digging (3)
Scrolls
 c - a scroll of fog
 d - a scroll of magic mapping
 e - a scroll of fear
 h - a scroll of identify {unknown}
 j - a scroll of enchant weapon {unknown}
 l - a scroll of holy word {unknown}
 m - a scroll of amnesia {unknown}
Potions
 f - a potion of haste


   Skills:
 - Level 2.4 Fighting
 - Level 2.1 Short Blades
 - Level 2.6 Dodging
 * Level 7.7 Stealth


You couldn't memorise any spells.
You didn't know any spells.
Your spell library was empty.

Dungeon Overview and Level Annotations

Branches:
Dungeon (5/15)
 Temple: D:4-7

Altars:

Annotations:
D:5 Grinder


Innate Abilities, Weirdness & Mutations

You are very small and have problems with some larger weapons.
You are too small for most types of armour.
You have supernaturally acute eyesight. (SInv)
You cover ground extremely quickly. (Speed+++)


Message History

You see here a +0 hunting sling.
k - a +0 hunting sling
Found 18 gold pieces.
A jelly comes into view.
You see here a scroll labelled JOBUSSUMEU.
The jelly quivers.
You see here a scroll labelled JOBUSSUMEU.
l - a scroll labelled JOBUSSUMEU
Found 20 gold pieces.
A necrophage comes into view.
You now have 23 gold pieces (gained 18).
There are no items here.
A gnoll comes into view. It is wielding a +0 club.
The gnoll shouts!
A gnoll comes into view. It is wielding a +0 flail.
A gnoll comes into view. It is wielding a +0 halberd.
You see here 20 gold pieces.
You now have 43 gold pieces (gained 20).
The gnoll closely misses you.
An ufetubus comes into view.
The jelly jiggles.
There is a stone staircase leading down here.
You climb downwards.
There is a stone staircase leading up here.
m - a scroll labelled DUF UG MAEN A scorpion comes into view.
Found a robe.
A centaur comes into view.
There is a stone staircase leading down here.
You see here a +0 quarterstaff.
Grinder comes into view.
Found 16 stones and a runed rapier.
Found a scale mail.
Found a scroll labelled JICLAISSEO.
Grinder shouts!
Grinder hits you!
Ouch! That really hurt!
* * * LOW HITPOINT WARNING * * *
You writhe in agony.
You die...

########### #.........#
.<........#
..######..########
...#####..##......
...##........# ##### #
#..##....s...###...##..?
#..##..#..##......(.....
..........####..@...[...
#................5...#.#
#.#.#s.###...........#
.###.>..##.#####...###
#.#.#...## #..)#
#.##...# #..... #.##...#
##.#### ##.##..># .#
..#.....#


You could see Grinder and a scorpion.

Vanquished Creatures
  An endoplasm (D:3)
  A goblin (D:4)
  2 hobgoblins (D:4)
4 creatures vanquished.

Notes
Turn   | Place    | Note
-------+----------+-------------------------------------------
     0 | D:5      | DungeonMaster the Spriggan Delver began the quest for the
                  | Orb.
     0 | D:5      | Reached XP level 1. HP: 11/11 MP: 2/2
    20 | D:4      | Noticed a scorpion
    22 | D:4      | Noticed an ogre
   112 | D:4      | Noticed a jelly
   123 | D:4      | Noticed a necrophage
   179 | D:5      | Noticed a scorpion
   180 | D:5      | Noticed a centaur
   213 | D:5      | Noticed Grinder
   219 | D:5      | Slain by Grinder

Illustrated notes

Levels and vault maps discovered:
D:3:      layout_basic, uniq_crazy_yiuf_cottage
D:4:      layout_cave_pools, nicolae_vehumet_altar_sigil
D:5:      layout_loops_ring, minmay_temple_entry_wispy, st_stairs_6,
          uniq_grinder

Action                   || total
-------------------------++-------
Melee: Short sword       ||    11
 Stab: Sleeping          ||     3
Armor: Robe              ||     3
Dodge: Dodged            ||     6

Table legend: (Time is in decaauts)
 A = Elapsed time spent in this place.
 B = Non-inter-level travel time spent in this place.
 C = Inter-level travel time spent in this place.
 D = Time resting spent in this place.
 E = Time spent auto-exploring this place.
 F = Levels seen in this place.
 G = Mean time per level.
                   A        B        C        D        E       F      G
               +--------+--------+--------+--------+--------+-----+--------+
         Total |    143 |    143 |      0 |      0 |      0 |   3 |   47.7 |
       Dungeon |    143 |    143 |      0 |      0 |      0 |   3 |   47.7 |
               +--------+--------+--------+--------+--------+-----+--------+

Top non-repeatable levels by time:
     D:4: 87 daAuts
     D:5: 36 daAuts
     D:3: 19 daAuts
